Map: Entombed Valley

Players

pta

  • Race: Zerg Zerg
  • Spawn Location: 5:00

A.I. 1 (Very Hard) - Winner!

  • Race: Terran Terran
  • Spawn Location: 1:00

VOD

Have the link to the VOD?

Description

Time

  • Played on: May 1, 2019, 8:39 p.m.
  • Length: 20:03
Show
View Real Time Build Order
Export as new Build Order

pta Zerg 

Build Orders: Pool First, Lurkers, Roach Hydra 

Get SALT Encoding   

  12  0:00  Drone  
  13  0:16  Drone  
  13  0:18  Overlord  
  14  0:35  Spawning Pool  
  13  0:39  Drone  
  14  0:47  Drone x2  
  16  0:59  Extractor  
  16  1:03  Extractor  
  14  1:05  Drone x2  
  16  1:13  Drone  
  17  1:22  Queen  
  17  1:25  Drone  
  20  1:33  Drone  
  21  1:46  Drone  
  22  2:01  Hatchery  
  21  2:04  Overlord  
  21  2:12  Drone  
  22  2:16  Lair  
  22  2:24  Drone  
  22  2:28  Drone  
  24  2:33  Zergling x4  
  24  2:35  Zergling x2  
  27  2:44  Metabolic Boost  
  27  2:46  Zergling x2  
  28  2:51  Drone  
  29  3:02  Overlord  
  29  3:13  Roach Warren  
  29  3:19  Zergling x8  
  32  3:25  Overseer  
  32  3:32  Drone  
  33  3:36  Drone  
  33  3:37  Drone x2  
  36  3:49  Zergling x8  
  36  3:51  Zergling x2  
  41  3:58  Evolution Chamber  
  40  4:06  Drone  
  41  4:16  Drone  
  41  4:17  Drone x2  
  44  4:18  Overlord  
  32  4:46  Overseer  
  32  4:47  Zergling x14  
  38  4:53  Queen  
  40  5:01  Pneumatized Carapace  
  40  5:10  Overseer  
  40  5:14  Zergling x8  
  44  5:29  Overlord x2  
  35  5:54  Roach x6  
  35  5:55  Roach x3  
  51  6:02  Spine Crawler  
  51  6:04  Spine Crawler x2  
  49  6:05  Drone  
  49  6:10  Roach  
  51  6:15  Glial Reconstitution  
  51  6:17  Zerg Ground Armor Level 1  
  51  6:18  Drone  
  52  6:26  Roach x2  
  52  6:29  Overlord  
  52  6:32  Drone  
  57  6:34  Drone  
  57  6:36  Drone  
  59  6:44  Drone  
  60  6:57  Drone x3  
  60  6:58  Overlord, Drone  
  60  7:00  Roach  
  68  7:01  Roach  
  68  7:07  Spine Crawler  
  67  7:13  Hydralisk Den  
  67  7:14  Drone  
  67  7:31  Spine Crawler  
  67  7:32  Spine Crawler  
  65  7:37  Spine Crawler  
  65  7:38  Spine Crawler  
  65  7:42  Grooved Spines  
  65  7:43  Hydralisk  
  65  7:44  Hydralisk  
  63  7:45  Hydralisk  
  69  7:56  Hydralisk x2  
  69  7:58  Hydralisk  
  73  8:02  Overlord  
  75  8:11  Lurker Den  
  74  8:13  Drone x2  
  76  8:20  Drone x2  
  76  8:21  Drone x2  
  76  8:24  Overlord  
  80  8:36  Evolution Chamber  
  79  8:41  Hydralisk x2  
  79  8:42  Hydralisk  
  79  8:44  Hydralisk  
  87  8:53  Muscular Augments  
  87  8:54  Overseer  
  87  9:05  Hydralisk x2  
  87  9:06  Overlord x2  
  91  9:21  Zergling x2  
  91  9:24  Hydralisk x2  
  92  9:25  Hydralisk x2  
  92  9:27  Overlord  
  100  9:31  Zerg Missile Weapons Level 1  
  100  9:34  Drone  
  100  9:35  Extractor, Drone x2  
  100  9:37  Drone  
  103  9:57  Burrow  
  76  10:17  Hydralisk x4  
  76  10:18  Hydralisk x2  
  56  10:23  Overseer  
  56  10:29  Overseer  
  54  10:41  Hydralisk x2  
  58  10:56  Hydralisk x2  
  62  10:58  Hydralisk  
  62  11:01  Hydralisk x8  
  64  11:07  Drone x3  
  64  11:09  Extractor  
  66  11:19  Hydralisk  
  66  11:20  Hydralisk x2  
  66  11:23  Hydralisk  
  74  11:35  Drone  
  74  11:36  Roach x2  
  74  11:37  Roach  
  74  11:38  Roach  
  85  11:40  Roach  
  85  11:41  Roach  
  85  11:44  Roach  
  85  11:45  Overseer  
  89  11:49  Overlord x3  
  89  11:53  Overseer x2  
  89  12:21  Lurker  
  89  12:22  Lurker  
  91  12:23  Lurker  
  92  12:56  Hydralisk x2  
  92  12:57  Hydralisk x4  
  92  12:58  Hydralisk  
  104  12:59  Hydralisk  
  108  13:13  Queen  
  110  13:33  Hatchery  
  109  13:42  Drone  
  109  13:43  Drone x9  
  119  14:01  Lurker x3  
  122  14:17  Spire, Infestation Pit  
  120  14:52  Extractor  
  120  14:54  Extractor  
  120  14:55  Drone  
  119  15:08  Zerg Missile Weapons Level 2, Zerg Ground Armor Level 2  
  107  15:29  Hydralisk x3  
  107  15:31  Roach x3  
  107  15:32  Roach x12  
  107  15:33  Roach  
  113  16:15  Hive  
  98  16:31  Hydralisk x4  
  106  16:33  Overlord x6  
  88  16:58  Hydralisk  
  88  16:59  Hydralisk x5  
  88  17:01  Zergling x28  
  90  17:11  Spine Crawler  
  90  17:12  Spine Crawler  
  90  17:14  Spine Crawler  
  87  17:16  Spine Crawler  
  87  17:18  Spine Crawler  
  87  17:19  Spine Crawler  
  84  17:39  Hydralisk  
  84  17:40  Hydralisk x5  
  84  17:41  Hydralisk  
  98  17:49  Hatchery  
  97  18:11  Zergling x22  
  97  18:12  Zergling x10  
  57  18:45  Hydralisk x5  
  57  18:46  Hydralisk x7  
  74  18:57  Hatchery  
  55  19:25  Zergling x10  
  55  19:26  Zergling x22  
Show
View Real Time Build Order
Export as new Build Order

A.I. 1 (Very Hard) Terran - Winner!

Build Orders:  

Get SALT Encoding   

  12  0:00  SCV  
  13  0:13  SCV  
  14  0:18  Supply Depot  
  14  0:25  SCV  
  15  0:40  SCV  
  16  0:43  Barracks  
  16  0:52  SCV  
  17  1:04  SCV  
  18  1:16  SCV  
  18  1:17  Supply Depot  
  19  1:21  Refinery  
  19  1:28  SCV  
  19  1:30  Marine  
  21  1:40  SCV  
  22  1:47  Marine  
  22  1:51  Barracks  
  22  1:52  SCV  
  24  1:55  Refinery  
  24  2:00  Supply Depot  
  24  2:05  SCV, Marine  
  26  2:17  SCV  
  27  2:23  Marine  
  27  2:25  Factory  
  27  2:29  SCV  
  29  2:38  Marine  
  29  2:41  SCV, Marine  
  32  2:53  SCV  
  32  2:55  Marine  
  34  2:59  Marine  
  34  3:05  SCV, Barracks  
  36  3:13  Marine  
  36  3:17  Barracks Tech Lab, SCV  
  38  3:27  Starport  
  38  3:29  Factory Tech Lab, SCV  
  38  3:30  Supply Depot  
  38  3:32  Barracks Tech Lab  
  39  3:52  SCV, Marine  
  39  3:53  Marine  
  42  3:59  Stimpack  
  42  4:04  SCV  
  43  4:10  Medivac  
  43  4:15  Combat Shield  
  43  4:16  SCV  
  45  4:24  Supply Depot  
  45  4:28  Supply Depot, SCV  
  46  4:37  Hellion  
  44  4:40  Viking, SCV  
  47  4:53  Marauder, Orbital Command  
  47  4:59  Marauder  
  51  5:15  Marauder  
  51  5:21  Marauder  
  55  5:34  Medivac, Marine  
  58  5:36  Marauder  
  58  5:37  Supply Depot  
  58  5:42  Marine  
  59  5:48  Engineering Bay  
  59  5:52  Barracks Reactor  
  59  5:57  Marine  
  59  6:00  Marauder  
  62  6:07  Command Center  
  62  6:16  Marauder, Terran Infantry Weapons Level 1  
  64  6:24  Supply Depot  
  66  6:26  Marauder  
  66  6:32  Marine  
  67  6:35  Marine  
  67  6:37  Marauder  
  67  6:38  Concussive Shells  
  72  6:47  Marauder  
  72  6:53  Supply Depot  
  72  6:59  Marauder  
  76  7:08  Marauder  
  76  7:11  Engineering Bay  
  76  7:20  Starport Reactor, Barracks  
  76  7:21  SCV  
  76  7:24  SCV  
  77  7:33  SCV  
  77  7:36  SCV  
  77  7:37  Terran Infantry Armor Level 1  
  79  7:45  SCV  
  79  7:48  SCV  
  81  7:55  Missile Turret  
  81  7:57  SCV  
  82  8:00  SCV  
  83  8:07  Missile Turret  
  83  8:10  SCV  
  84  8:12  Medivac  
  84  8:13  SCV  
  84  8:19  Medivac  
  89  8:22  SCV, Marine  
  89  8:25  Orbital Command  
  91  8:28  Supply Depot, Marine  
  91  8:30  Marine  
  91  8:32  Marine  
  94  8:42  Viking, Marauder  
  98  8:49  Viking  
  98  8:55  Supply Depot  
  100  9:08  Marauder  
  100  9:09  Missile Turret  
  104  9:10  Marauder  
  104  9:12  Viking  
  106  9:28  Command Center  
  106  9:29  Marauder  
  108  9:34  Supply Depot  
  108  9:37  Viking  
  110  9:42  Viking  
  112  9:50  Armory  
  112  9:57  Missile Turret  
  112  10:03  Marauder, Supply Depot  
  114  10:07  Marauder  
  114  10:09  Marine  
  114  10:10  Marine  
  114  10:13  Marine  
  97  10:24  Marine  
  97  10:27  Refinery, Marine  
  99  10:33  Refinery  
  99  10:34  Viking, Marine  
  102  10:37  Missile Turret  
  102  10:38  Terran Infantry Weapons Level 2  
  102  10:39  Viking  
  102  10:42  Marauder  
  106  10:54  Command Center  
  106  10:56  SCV  
  107  11:00  Marauder  
  109  11:04  Marauder  
  111  11:22  Marauder  
  111  11:24  Factory  
  113  11:38  Starport  
  113  11:47  Marine  
  113  11:48  Marine  
  113  11:50  Marine  
  113  11:51  Hellion  
  118  11:55  Supply Depot  
  118  12:06  SCV  
  118  12:07  SCV x2  
  121  12:08  Infernal Pre-Igniter  
  121  12:12  Hellion  
  121  12:14  Hellion  
  125  12:17  Refinery, Starport Tech Lab  
  125  12:18  SCV  
  125  12:20  Missile Turret  
  125  12:21  SCV  
  125  12:22  SCV  
  128  12:31  SCV, Factory  
  128  12:33  SCV  
  128  12:34  Hellion, Missile Turret, SCV  
  128  12:35  Factory Tech Lab  
  128  12:36  Rapid Reignition System  
  133  12:40  Supply Depot  
  133  12:43  SCV  
  134  12:45  SCV  
  134  12:48  SCV  
  136  12:53  Raven  
  136  12:54  Widow Mine  
  136  12:55  SCV, Hellion  
  136  12:57  SCV  
  144  13:00  SCV  
  145  13:06  Supply Depot  
  145  13:07  SCV  
  145  13:09  SCV  
  145  13:12  SCV  
  148  13:13  Terran Infantry Weapons Level 3  
  148  13:15  Widow Mine  
  148  13:17  Hellion  
  148  13:19  SCV, Terran Vehicle Weapons Level 1  
  153  13:22  SCV  
  153  13:32  Supply Depot  
  153  13:33  Hellion, Refinery  
  155  13:36  Siege Tank, Raven  
  155  13:37  Orbital Command, Armory  
  155  13:38  Cyclone  
  163  13:54  Hellion  
  165  13:59  Supply Depot  
  165  14:00  Hi-Sec Auto Tracking  
  165  14:06  Command Center  
  165  14:08  Siege Tank  
  168  14:10  Cyclone  
  168  14:16  Widow Mine  
  173  14:24  Terran Vehicle And Ship Armor Level 1  
  173  14:26  Supply Depot  
  173  14:28  Factory  
  173  14:31  Missile Turret  
  173  14:37  Factory Tech Lab  
  173  14:41  Hellion  
  173  14:42  Widow Mine  
  177  14:50  Supply Depot, Ghost Academy  
  177  14:53  Missile Turret  
  177  14:55  Siege Tank  
  180  15:01  Neosteel Armor  
  180  15:02  Siege Tank  
  180  15:03  Thor  
  189  15:12  Hellion  
  191  15:18  SCV x2  
  191  15:19  SCV x2  
  191  15:21  Ghost  
  188  15:27  Siege Tank  
  182  15:28  Refinery  
  182  15:30  SCV  
  182  15:32  SCV x2, Missile Turret  
  182  15:33  SCV, Hellion  
  182  15:34  Widow Mine  
  190  15:36  Missile Turret  
  191  15:42  SCV  
  191  15:44  Marauder, SCV  
  191  15:46  Siege Tank  
  173  15:50  Marauder, Marine x2  
  173  15:53  Marine  
  173  15:55  Hellion, Siege Tank  
  173  15:56  Planetary Fortress  
  159  15:59  Hellion  
  138  16:05  Marine  
  138  16:08  Marine x2  
  129  16:11  Marauder, Marine  
  129  16:16  Hellion  
  129  16:17  Terran Vehicle Weapons Level 2  
  128  16:18  Widow Mine  
  128  16:20  Cyclone  
  128  16:23  Marauder  
  126  16:26  Marine x2  
  126  16:27  Siege Tank  
  117  16:32  Refinery  
  117  16:33  Marauder  
  117  16:37  Hellion, Marine  
  125  16:40  Siege Tank  
  125  16:43  Marine  
  125  16:44  Marauder, Marine  
  128  16:51  SCV  
  128  16:52  Cyclone  
  128  16:54  Marauder  
  128  16:55  Marine  
  128  16:56  SCV  
  128  16:59  Hellion  
  128  17:00  Siege Tank  
  127  17:01  Marine  
  127  17:02  Marine  
  127  17:06  Marauder  
  131  17:09  Terran Infantry Armor Level 2  
  131  17:12  Hellion  
  131  17:13  Marine  
  136  17:16  Medivac, Marauder  
  136  17:19  Marine  
  136  17:20  Widow Mine  
  136  17:22  Starport  
  141  17:24  Siege Tank  
  141  17:25  Command Center  
  144  17:32  Hellion  
  144  17:33  Siege Tank  
  149  17:41  Hellion  
  149  17:42  Marine  
  152  17:45  Marine  
  152  17:46  Marine  
  152  17:47  Marine  
  152  17:48  Marine  
  156  17:53  Viking, Hellion  
  156  17:56  Thor  
  166  17:59  Raven, Marine  
  166  18:02  Marine  
  166  18:03  Hellion  
  166  18:04  Marine  
  166  18:05  Siege Tank  
  176  18:14  Thor  
  176  18:18  Viking  
  184  18:23  Viking  
  184  18:24  Hellion  
  188  18:31  Marine  
  188  18:32  Marine  
  175  18:34  Marine x2  
  175  18:35  Marine  
  175  18:38  Widow Mine  
  175  18:40  Hellion  
  164  18:42  Viking  
  164  18:46  Hellion  
  164  18:48  Planetary Fortress, Refinery  
  162  18:49  Marine  
  162  18:54  Missile Turret  
  163  18:55  Missile Turret  
  163  18:57  Hellion  
  163  18:59  Hellion, Refinery, Marine x2  
  163  19:01  Siege Tank  
  163  19:02  Marauder  
  174  19:07  Marauder, Hellion  
  173  19:10  Command Center  
  158  19:19  Cyclone  
  158  19:20  Siege Tank  
  158  19:24  Marauder  
  153  19:29  Marauder  
  156  19:41  Hellion  
Tags
 
Add a new tag
Caveats
  • Supply blocks, unpowered buildings, or Contaminate may cause inaccurate times.
  • Supply counts are checked every 10 seconds.